 Dungeon Crawl Stone Soup version 0.32-a0-35-gd9ff480968 (webtiles) character file.

Game seed: 3476701620643742689

1484 pokeman the Thaumaturge (level 8, -2/40 (44) HPs)
             Began as a Deep Elf Hedge Wizard on Jan 23, 2024.
             Slain by a wight
             ... wielding a +0 scimitar
              (13 damage)
             ... on level 6 of the Dungeon.
             The game lasted 00:17:51 (6514 turns).

pokeman the Thaumaturge (Deep Elf Hedge Wizard)     Turns: 6514, Time: 00:17:52

HP:   -2/40 (44)    AC:  6    Str:  9    XL:     8   Next: 50%
MP:   7/24          EV: 12    Int: 34    God:
Gold: 104           SH:  0    Dex:  9    Spells: 7/27 levels left

rFire   + + .        y - +3 hammer "Mics" {speed, rN+ Will+}
rCold   . . .        (no shield)
rNeg    + . .        b - +0 robe
rPois   .            i - +1 helmet {SInv}
rElec   .            E - +0 cloak
rCorr   .            (no gloves)
SInv    +            A - +0 pair of boots "Bafonil" {Int+3 Slay+3}
Will    +....        (no amulet)
Stlth   ++           g - ring "Bunn" {rF++ Str+2 Int+3 Dex-5 SInv}
HPRegen 0.26/turn    q - +6 ring of intelligence
MPRegen 0.19/turn

%: no passive effects
@: drained
A: no striking features
a: no special abilities


You were on level 6 of the Dungeon.
You visited 1 branch of the dungeon, and saw 6 of its levels.

You collected 250 gold pieces.
You spent 146 gold pieces at shops.

Inventory:

Hand Weapons
 y - the +3 hammer "Mics" (weapon) {speed, rN+ Will+}
   (You found it on level 5 of the Dungeon)

   rN+:       It protects you from negative energy.
   Will+:     It increases your willpower.
 D - a +3 quarterstaff of chaos
Missiles
 r - 2 throwing nets
Armour
 b - a +0 robe (worn)
 i - a +1 helmet of see invisible (worn)
 A - the +0 pair of boots "Bafonil" (worn) {Int+3 Slay+3}
   (You found it on level 5 of the Dungeon)

   Int+3:     It affects your intelligence (+3).
   Slay+3:    It affects your accuracy & damage with ranged weapons and melee
   (+3).
 E - a +0 cloak (worn)
Jewellery
 g - the ring "Bunn" (left hand) {rF++ Str+2 Int+3 Dex-5 SInv}
   (You found it on level 2 of the Dungeon)

   [ring of see invisible]

   Str+2:     It affects your strength (+2).
   Int+3:     It affects your intelligence (+3).
   Dex-5:     It affects your dexterity (-5).
   rF++:      It greatly protects you from fire.
   SInv:      It lets you see invisible.
 q - a +6 ring of intelligence (right hand)
 s - a ring of fire
 C - a +6 ring of dexterity
 G - a ring of protection from cold
Wands
 p - a wand of iceblast (7)
 F - a wand of paralysis (10)
Scrolls
 a - 5 scrolls of teleportation {unknown}
 f - 3 scrolls of blinking
 j - a scroll of fear {unknown}
 k - 3 scrolls of identify {unknown}
 m - a scroll of summoning {unknown}
 n - a scroll of immolation {unknown}
 t - 2 scrolls of poison {unknown}
 u - a scroll of noise {unknown}
Potions
 c - 3 potions of heal wounds {unknown}
 d - a potion of magic
 e - 2 potions of might {unknown}
 h - 4 potions of curing {unknown}
 l - a potion of brilliance {unknown}
 o - a potion of attraction {unknown}
 v - a potion of degeneration {unknown}
 w - a potion of mutation {unknown}
 x - a potion of ambrosia {unknown}
 z - a potion of enlightenment {unknown}
 B - a potion of cancellation {unknown}


   Skills:
 - Level 2.0 Fighting
 + Level 2.8 Armour
 - Level 3.0 Dodging
 - Level 3.0 Stealth
 * Level 10.0 Spellcasting
 + Level 5.2 Conjurations
 - Level 1.1 Summonings
 - Level 1.1 Translocations
 + Level 2.0 Fire Magic
 - Level 2.3 Ice Magic
 - Level 1.0 Air Magic
 - Level 1.0 Alchemy
 - Level 1.2 Evocations


You had 7 spell levels left.
You knew the following spells:

 Your Spells              Type           Power      Damage    Failure   Level
a - Magic Dart            Conj           100%       1d8       1%          1
b - Mephitic Cloud        Conj/Alch/Air  33%        N/A       3%          3
c - Call Imp              Summ           48%        N/A       2%          2
d - Blink                 Tloc           48%        N/A       2%          2
e - Ignite Poison         Fire/Alch      27%        N/A       14%         4
f - Hailstorm             Conj/Ice       42%        3d9       1%          3
g - Freezing Cloud        Conj/Ice/Air   18%        6-21      22%         5

Your spell library contained the following spells:

 Spells                   Type           Power      Damage    Failure   Level
 Freeze                   Ice            100%       1d10      1%          1
 Slow                     Hex            68%        N/A       2%          1
 Cigotuvi's Dreadful Rot  Necr/Alch/Air  42%        N/A       3%          2
 Frozen Ramparts          Ice            64%        1d10      3%          3


Dungeon Overview and Level Annotations

Branches:
Dungeon (6/15)
 Temple: D:4-7

Altars:
Makhleb
Okawaru
Wu Jian
The Shining One

Shops:
D:2 (   D:4 *?((


Message History

Unknown command.
You miss the wight.
You are engulfed in noxious fumes.
You choke on the stench!
You are more confused.
The wight misses you.
Unknown command.
Things that are here:
a +0 dagger; a +0 robe Unknown command.
You miss the wight. The wight barely misses you.
You bump into the rock wall.
The wight hits you with a +0 scimitar.
You barely miss the wight. The wight hits you with a +0 scimitar!
You partially resist.
You feel drained.
Unknown command.
You bump into the rock wall.
The wight closely misses you.
Unknown command.
You bump into the rock wall.
The wight barely misses you.
Unknown command.
Unknown command.
The wight attacks as it pursues you! The wight closely misses you.
There is an open door here.
You see here a water moccasin corpse.
You barely miss the wight. The wight hits you with a +0 scimitar!
* * * LOW HITPOINT WARNING * * *
Unknown command.
You bump into the rock wall.
The wight misses you.
You hit the wight.
The wight is moderately damaged.
The wight hits you with a +0 scimitar.
* * * LOW HITPOINT WARNING * * *
You partially resist.
You feel drained.
Unknown command.
You bump into the rock wall.
The wight hits you but does no damage.
Unknown command.
You hit the wight.
The wight is heavily damaged.
Unknown command.
You bump into the rock wall.
You feel less confused. The wight hits you with a +0 scimitar!
You die...

####.##.##)##.## ###
##...###...###.
##.######.....#.....#..
##.#.##..'.....'.....'..
##.###.#.##.....#.....#..
##.##
##..###...###...###. #.##
####.##.## ##.## ## ##.##
####...### ### #
##.###zz@.⌠..+
##.#.###[..## ##)## #.##
#.# ## #)# #.# #.# #..
###


You could see 2 wights.

Vanquished Creatures
  A water moccasin (D:6)
  Duvessa (D:6)
  An ogre (D:4)
  A phantom (D:4)
  2 scorpions (D:5)
  Dowan (D:6)
  2 bombardier beetles
  A gnoll bouda (D:5)
  2 jellies
  5 hounds
  Crazy Yiuf (D:5)
  2 orc priests (D:5)
  2 sleepcaps
  Ijyb (D:3)
  Jessica (D:3)
  An iguana (D:5)
  Terence (D:3)
  An orc wizard (D:3)
  Robin (D:2)
  11 gnolls
  12 adders
  A white imp (D:5)
  2 ufetubi (D:6)
  2 dart slugs
  12 orcs
  9 endoplasms
  4 giant cockroaches
  7 hobgoblins
  7 jackals
  A quokka (D:1)
  2 ball pythons (D:1)
  6 bats
  2 frilled lizards
  14 goblins
  7 kobolds
  5 rats
132 creatures vanquished.

Vanquished Creatures (collateral kills)
  A gnoll (D:5)
  6 goblins
7 creatures vanquished.

Grand Total: 139 creatures vanquished

Notes
Turn   | Place    | Note
-------+----------+-------------------------------------------
     0 | D:1      | pokeman the Deep Elf Hedge Wizard began the quest for the
                  | Orb.
     0 | D:1      | Reached XP level 1. HP: 10/10 MP: 7/7
   392 | D:1      | Reached XP level 2. HP: 15/15 MP: 2/9
   952 | D:1      | Reached skill level 5 in Spellcasting
  1270 | D:2      | Identified the ring "Bunn" {rF++ Str+2 Int+3 Dex-5 SInv}
  1293 | D:2      | Reached XP level 3. HP: 9/20 MP: 2/11
  1297 | D:2      | Learned a level 3 spell: Mephitic Cloud
  1300 | D:2      | Learned a level 2 spell: Call Imp
  1303 | D:2      | Learned a level 2 spell: Blink
  1428 | D:2      | Found Feshedou's Antique Weapon Boutique.
  1556 | D:2      | Reached skill level 1 in Fighting
  1599 | D:2      | Noticed Robin
  1619 | D:2      | Killed Robin
  1620 | D:2      | Reached skill level 1 in Armour
  1639 | D:2      | Reached XP level 4. HP: 10/25 MP: 4/13
  1863 | D:2      | You fall into a shaft and drop 1 floor!
  1884 | D:3      | Noticed Jessica
  1949 | D:3      | Reached skill level 6 in Spellcasting
  1949 | D:3      | Reached XP level 5. HP: 10/29 MP: 6/15
  1955 | D:3      | Killed Jessica
  2209 | D:2      | Reached skill level 1 in Alchemy
  2573 | D:3      | Reached skill level 1 in Air Magic
  2682 | D:3      | Found a glowing golden altar of the Shining One.
  2694 | D:3      | Noticed Ijyb
  2740 | D:3      | Killed Ijyb
  2741 | D:3      | Reached XP level 6. HP: 29/34 MP: 14/17
  2961 | D:3      | Noticed Terence
  3006 | D:3      | Killed Terence
  3193 | D:4      | Found Wijatet's Assorted Antiques.
  3216 | D:4      | Bought a scroll labelled MEREIT YXZAOC for 28 gold pieces
  3216 | D:4      | Bought a scroll labelled RUOBUWNAEQ for 28 gold pieces
  3275 | D:4      | Reached skill level 7 in Spellcasting
  3369 | D:4      | Found an iron altar of Okawaru.
  3430 | D:4      | Found an ornate altar of the Wu Jian Council.
  3430 | D:4      | Found a burning altar of Makhleb.
  3577 | D:4      | Found Vanus's Magic Scroll Emporium.
  3580 | D:4      | Bought a scroll of blinking for 90 gold pieces
  3724 | D:4      | Found Fivoyph's Weapon Shop.
  3773 | D:4      | Reached skill level 1 in Evocations
  4060 | D:4      | Reached skill level 8 in Spellcasting
  4060 | D:4      | Reached XP level 7. HP: 40/40 MP: 9/20
  4141 | D:4      | Found Ocylaj's Antique Weapon Boutique.
  4386 | D:4      | Learned a level 3 spell: Hailstorm
  4387 | D:5      | Entered Level 5 of the Dungeon
  4671 | D:5      | Reached skill level 1 in Ice Magic
  4675 | D:5      | Identified the +3 hammer "Mics" {speed, rN+ Will+}
  5271 | D:5      | Reached skill level 9 in Spellcasting
  5271 | D:5      | Reached XP level 8. HP: 37/44 MP: 15/23
  5424 | D:5      | Identified the +0 pair of boots "Bafonil" {Int+3 Slay+3}
  5635 | D:5      | Learned a level 4 spell: Ignite Poison
  5641 | D:5      | Learned a level 5 spell: Freezing Cloud
  5873 | D:5      | Found a runed translucent door.
  5874 | D:5      | Noticed Crazy Yiuf
  5888 | D:5      | Killed Crazy Yiuf
  6249 | D:6      | Reached skill level 1 in Fire Magic
  6481 | D:6      | Noticed Duvessa
  6483 | D:6      | Reached skill level 5 in Conjurations
  6484 | D:6      | Noticed Dowan
  6488 | D:6      | Killed Duvessa
  6496 | D:6      | Killed Dowan
  6497 | D:6      | Reached skill level 10 in Spellcasting
  6514 | D:6      | Slain by a wight

Illustrated notes

Levels and vault maps discovered:
D:1:      shiori_arrival_whats_in_store_for_you, layout_basic,
          serial_park_tiny_1
D:2:      layout_loops_ring, serial_shops, nicolae_shop_statue_plus,
          dreamdust_wishing_well, uniq_robin
D:3:      layout_basic, mainiacjoe_overflow_cross_hatched, uniq_terence,
          uniq_ijyb, uniq_jessica
D:4:      layout_gridville, gammafunk_temple_overflow_wave,
          mainiacjoe_overflow_chevrons, serial_shops,
          nicolae_shop_overgrown_old_shop, shop, shop, nicolae_shop_rolled_up
D:5:      kb_forest_paths, layout_basic, uniq_crazy_yiuf_cottage
D:6:      layout_loops_corners, mainiacjoe_overflow_alcove_4,
          nicolae_hexahallways, uniq_duvessa

Skill      XL: |  1  2  3  4  5  6  7  8 |
---------------+-------------------------+-----
Spellcasting   | 5 6 8 9 10 | 10.0
Fighting       | 1 2 |  2.0
Conjurations   | 2 3 4 5 |  5.2
Armour         | 1 2 |  2.8
Dodging        | 3 |  3.0
Stealth        | 3 |  3.0
Alchemy        | 1 |  1.0
Air Magic      | 1 |  1.0
Evocations     | 1 |  1.2
Ice Magic      | 2 |  2.3
Fire Magic     | 2 |  2.0
Summonings     | |  1.1
Translocations | |  1.1

Action                     |  1- 3 |  4- 6 |  7- 9 || total
---------------------------+-------+-------+-------++-------
  Melee: Dagger            |    13 |   140 |    48 ||   201
         Punch             |       |     1 |     3 ||     4
         Mace              |       |       |    61 ||    61
   Cast: Magic Dart        |    97 |   125 |    87 ||   309
         Mephitic Cloud    |     1 |    10 |    21 ||    32
         Call Imp          |     1 |     4 |     3 ||     8
         Blink             |       |     2 |     1 ||     3
         Ignite Poison     |       |       |     3 ||     3
   Stab: Confused          |     2 |     8 |     8 ||    18
 Armour: Robe              |    29 |    60 |    71 ||   160
  Dodge: Dodged            |    17 |    70 |    75 ||   162

Table legend: (Time is in decaauts)
 A = Elapsed time spent in this place.
 B = Non-inter-level travel time spent in this place.
 C = Inter-level travel time spent in this place.
 D = Time resting spent in this place.
 E = Time spent auto-exploring this place.
 F = Levels seen in this place.
 G = Mean time per level.
                   A        B        C        D        E       F      G
               +--------+--------+--------+--------+--------+-----+--------+
         Total |   6509 |   6385 |    124 |    262 |   5011 |   6 | 1084.8 |
       Dungeon |   6509 |   6385 |    124 |    262 |   5011 |   6 | 1084.8 |
               +--------+--------+--------+--------+--------+-----+--------+

Top non-repeatable levels by time:
     D:4: 1447 daAuts
     D:5: 1362 daAuts
     D:2: 1163 daAuts
     D:1: 1115 daAuts
     D:3: 880 daAuts
     D:6: 541 daAuts
